 Dungeon Sprint DCSS version 0.31.0-11-ge490571c62 (webtiles) character file.

Game seed: 4209159383045035285

767 SmokeWeed the Protected (level 7, -4/74 HPs)
             Began as a Minotaur Fighter on Feb 3, 2024.
             Was a Follower of Okawaru.
             Slain by a ten-headed hydra (11 damage)
             ... in the Dungeon (Sprint IX: "|||||||||||||||||||||||||||||").
             The game lasted 00:02:34 (423 turns).

SmokeWeed the Protected (Minotaur Fighter)           Turns: 423, Time: 00:02:35

Health: -4/74      AC: 10    Str: 22    XL:     7   Next: 52%
Magic:  4/6        EV: 15    Int:  5    God:    Okawaru [*.....]
Gold:   0          SH:  0    Dex: 16    Spells: 6/6 levels left

rFire   . . .        m - +2 halberd of Bodily Harmony {flame, Dex+3}
rCold   . . .        (shield currently unavailable)
rNeg    . . .        r - +2 ring mail
rPois   .            (helmet restricted)
rElec   .            (no cloak)
rCorr   .            (no gloves)
SInv    .            (no boots)
Will    .....        (no amulet)
Stlth   +++          s - +2 ring of evasion
HPRegen 0.32/turn    t - +3 ring of dexterity
MPRegen 0.10/turn

%: no teleportation
@: heroic, on berserk cooldown, invisible
A: horns 2, retaliatory headbutt
a: Renounce Religion, Heroism


You were in the Dungeon.
You worshipped Okawaru.
Okawaru was aware of your devotion.
You visited 1 branch

Inventory:

Hand Weapons
 m - the +2 halberd of Bodily Harmony (weapon) {flame, Dex+3}
   (You found it in the Dungeon)

   Dex+3:     It affects your dexterity (+3).
 n - a +4 spectral quarterstaff
 o - the +2 scimitar of the Apocalypse {venom, *Rage +Blink rF+ Str+3}
   (You found it in the Dungeon)

   Str+3:     It affects your strength (+3).
   rF+:       It protects you from fire.
   +Blink:    It lets you blink.
   *Rage:     It berserks you when you make melee attacks (+20% chance).
Missiles
 b - 10 poisoned darts
Armour
 c - a +0 buckler
 r - a +2 ring mail (worn)
Jewellery
 s - a +2 ring of evasion (left hand)
 t - a +3 ring of dexterity (right hand)
Wands
 l - a wand of roots (10) (quivered)
Scrolls
 j - 2 scrolls of blinking
 k - 2 scrolls of amnesia
Potions
 e - 5 potions of curing
 f - 3 potions of heal wounds
 h - 4 potions of magic
 i - a potion of berserk rage


   Skills:
 + Level 11.3(16.3) Fighting
 + Level 8.7(13.7) Long Blades
 + Level 11.4(16.4) Armour
 + Level 1.5(6.5) Stealth
 + Level 10.1(15.1) Shields


You had 6 spell levels left.
You didn't know any spells.
Your spell library was empty.

Dungeon Overview and Level Annotations

Branches:
Dungeon (1/1)

Altars:
Cheibriados
Dithmenos
Elyvilon
Fedhas
Gozag
Hepliaklqana
Kikubaaqudgha
Makhleb
Nemelex Xobeh
Okawaru
Qazlal
Ru
Sif Muna
Trog
Uskayaw
Vehumet
Wu Jian
Xom
Yredelemnul
Zin
The Shining One
Jiyva
Lugonu


Innate Abilities, Weirdness & Mutations

You have a pair of horns on your head.
You reflexively headbutt those who attack you in melee.


Message History

The 11-headed hydra completely misses you.
The 11-headed hydra barely misses you. The 11-headed hydra closely misses you.
The 11-headed hydra bites you.
The 11-headed hydra bites you but does no damage.
You block the 11-headed hydra's attack. The 11-headed hydra closely misses you.
You continue taking off your +0 buckler.
The 11-headed hydra bites you. You block the 11-headed hydra's attack.
The 11-headed hydra bites you but does no damage.
The 11-headed hydra barely misses you. You block the 11-headed hydra's attack.
The 11-headed hydra completely misses you.
The 11-headed hydra bites you but does no damage. x2
The 11-headed hydra misses you. The 11-headed hydra bites you! x2
* * * LOW HITPOINT WARNING * * *
You continue taking off your +0 buckler. x2
The 11-headed hydra bites you but does no damage.
The 11-headed hydra closely misses you.
The 11-headed hydra bites you but does no damage.
You block the 11-headed hydra's attack. The 11-headed hydra barely misses you.
You block the 11-headed hydra's attack. The 11-headed hydra closely misses you.
The 11-headed hydra completely misses you.
The 11-headed hydra bites you!
* * * LOW HITPOINT WARNING * * *
The 11-headed hydra barely misses you. x2
You finish taking off your +0 buckler.
Unknown command.
The +2 scimitar of the Apocalypse {venom, *Rage +Blink rF+ Str+3} stops dripping with poison.
You feel agile.
The +2 halberd of Bodily Harmony {flame, Dex+3} bursts into flame!
m - the +2 halberd of Bodily Harmony (weapon)
{flame, Dex+3} You lop one of the 11-headed hydra's heads off!
The flame cauterises the wound!
You puncture the ten-headed hydra! You burn the ten-headed hydra.
The ten-headed hydra is almost dead.
You feel yourself slow down.
The ten-headed hydra closely misses you.
The ten-headed hydra barely misses you. The ten-headed hydra misses you.
The ten-headed hydra barely misses you. The ten-headed hydra bites you.
* * * LOW HITPOINT WARNING * * *
The ten-headed hydra bites you!
You die... ▓▓▓▓▓▓▓▓▓▓▓▓▓▓▓▓▓▓▓▓▓▓▓▓ '..).....[')..))@DTTHTo. ▓▓▓▓▓▓▓▓▓▓▓▓▓▓▓▓▓▓▓▓▓▓▓▓

You could see a ten-headed hydra (unable to see you, extremely poisoned), a manticore (wandering, unable to see you), 3 trolls and an orc wizard (unable to see you).

Vanquished Creatures
  A gargoyle (D)
  A water moccasin (D)
  An orc warrior (D)
  3 kobold brigands (D)
  A jelly (D)
  An iguana (D)
  2 adders (D)
  A ball python (D)
  An endoplasm (D)
  A jackal (D)
  2 bats (D)
15 creatures vanquished.

Vanquished Creatures (others)
  A troll (D)
1 creature vanquished.

Grand Total: 16 creatures vanquished

Notes
Turn   | Place    | Note
-------+----------+-------------------------------------------
     0 | D        | SmokeWeed the Minotaur Fighter began the quest for the Orb.
     0 | D        | Reached XP level 1. HP: 19/19 MP: 0/0
    16 | D        | Noticed a water moccasin
    16 | D        | Noticed an iguana
    16 | D        | Noticed a jelly
    21 | D        | Killed a water moccasin
    22 | D        | Reached XP level 2. HP: 6/34 MP: 1/1
    22 | D        | Reached XP level 3. HP: 7/39 MP: 2/2
    22 | D        | Reached XP level 4. HP: 9/47 MP: 3/3
    26 | D        | Reached XP level 5. HP: 7/52 MP: 4/4
    27 | D        | HP: 2/53 [acid (5)]
   310 | D        | Found a snail-covered altar of Cheibriados.
   310 | D        | Found a shadowy altar of Dithmenos.
   310 | D        | Found a white marble altar of Elyvilon.
   310 | D        | Found a blossoming altar of Fedhas.
   310 | D        | Found an opulent altar of Gozag.
   311 | D        | Found a hazy altar of Hepliaklqana.
   312 | D        | Found a viscous altar of Jiyva.
   313 | D        | Found an ancient bone altar of Kikubaaqudgha.
   314 | D        | Found a corrupted altar of Lugonu.
   315 | D        | Found a burning altar of Makhleb.
   316 | D        | Found a sparkling altar of Nemelex Xobeh.
   317 | D        | Found an iron altar of Okawaru.
   318 | D        | Found a stormy altar of Qazlal.
   319 | D        | Found a sacrificial altar of Ru.
   320 | D        | Found a shimmering blue altar of Sif Muna.
   321 | D        | Found a bloodstained altar of Trog.
   322 | D        | Found a hide-covered altar of Uskayaw.
   323 | D        | Found a radiant altar of Vehumet.
   326 | D        | Found an ornate altar of the Wu Jian Council.
   327 | D        | Became a worshipper of Warmaster Okawaru
   328 | D        | Found a shimmering altar of Xom.
   329 | D        | Found a basalt altar of Yredelemnul.
   330 | D        | Found a glowing silver altar of Zin.
   331 | D        | Found a glowing golden altar of the Shining One.
   347 | D        | Got the +2 halberd of Bodily Harmony {flame, Dex+3}
   347 | D        | Got the +2 scimitar of the Apocalypse {venom, *Rage +Blink
                  | rF+ Str+3}
   378 | D        | Noticed an orc warrior
   378 | D        | Noticed a troll
   378 | D        | Noticed a gargoyle
   382 | D        | Reached skill level 5 in Long Blades
   386 | D        | Reached XP level 6. HP: 63/63 MP: 5/5
   388 | D        | Killed an orc warrior
   388 | D        | Reached * piety under Okawaru
   389 | D        | Reached skill level 10 in Fighting
   389 | D        | Reached skill level 10 in Armour
   389 | D        | Killed a troll
   394 | D        | Killed a gargoyle
   395 | D        | Reached skill level 1 in Stealth
   395 | D        | Reached XP level 7. HP: 74/74 MP: 6/6
   400 | D        | Reached skill level 10 in Shields
   410 | D        | Noticed a seven-headed hydra
   410 | D        | Noticed a troll
   410 | D        | Noticed a troll
   410 | D        | Noticed a manticore
   410 | D        | Noticed a troll
   423 | D        | Slain by a ten-headed hydra

Illustrated notes

Levels and vault maps discovered:
D:        linesprint [early_d, line_temple, items_1, d_10, items_2, lair_1,
          lair_end, items_3, orc_1, orc_end, items_4, d_15, swamp_1, shoals_1,
          snake_1, spider_1, d_20, vaults_1, items_5, swamp_end, shoals_end,
          snake_end, spider_end, vaults_end, d_27, items_6, zot_1, zot_end,
          crypt_end, forest_end, elf_end, slime_end, tomb_end, abyss_end,
          pan_hell_end]

Skill      XL: |  1  2  3  4  5  6  7 |
---------------+----------------------+-----
Fighting       | 7 9 11 | 11.3
Armour         | 7 9 11 | 11.4
Shields        | 6 7 8 9 10 | 10.1
Long Blades    | 4 6 8 |  8.7
Stealth        | 1 |  1.5

Action                     |  1- 3 |  4- 6 |  7- 9 || total
---------------------------+-------+-------+-------++-------
  Melee: Long sword        |    10 |     6 |       ||    16
         Headbutt          |     2 |     2 |     1 ||     5
         Scimitar          |       |    12 |     8 ||    20
         Halberd           |       |       |     1 ||     1
  Throw: Dart              |       |       |     1 ||     1
 Invoke: Heroism           |       |       |     1 ||     1
    Use: Potion            |     1 |     2 |       ||     3
   Stab: Invisible         |       |     1 |     2 ||     3
 Armour: Scale mail        |     5 |     3 |       ||     8
         Ring mail         |       |     1 |    25 ||    26
  Dodge: Dodged            |     8 |     5 |    33 ||    46
  Block: Buckler           |     2 |     4 |    13 ||    19
